AoeStats
← No Wei

Arabia

508445224Analyzed
1v1 RM · 11d ago on Sep 22, 2026· 46m 55s· 2 players
Game mode
Random Map
Map size
Tiny (2 player)
Population
200
Speed
Normal
Resources
Standard
Victory
Conquest
Starting age
Dark Age
Ending age
Imperial Age
RankedLock teamsTeams togetherTeam positionsShared explorationLock speedFull tech treeHidden civsTurbo modeCheats
Victory
Defeat
🇫🇮 Cumans · Finland
1259
+17
🇬🇧 Huns · United Kingdom
1284
-17
No Wei
7:06 Loom
9:53 Feudal Age
16:09 Double-Bit Axe
19:43 Horse Collar
20:36 Fletching
21:32 Wheelbarrow
24:34 Castle Age
23:15 Padded Archer Armor
24:42 Crossbowman
25:26 Bodkin Arrow
28:21 Bloodlines
27:39 Light Cavalry
29:12 Town Watch
29:45 Bow Saw
30:52 Ballistics
30:54 Scale Barding Armor
31:08 Gold Mining
32:41 Chain Barding Armor
32:51 Masonry
33:50 Hand Cart
34:05 Thumb Ring
35:26 Leather Archer Armor
35:21 Forging
38:59 Stone Mining
42:31 Imperial Age
40:28 Town Patrol
41:46 Iron Casting
44:30 Cavalier
47:08 Plate Barding Armor
47:30 Gold Shaft Mining
47:27 Conscription
48:30 Blast Furnace
24601
6:57 Loom
9:07 Feudal Age
15:09 Double-Bit Axe
17:58 Gold Mining
20:22 Castle Age
20:45 Fletching
29:50 Bodkin Arrow
30:45 Bloodlines
31:19 Ballistics
37:34 Thumb Ring
40:05 Padded Archer Armor
43:32 Imperial Age
41:38 Wheelbarrow
41:45 Wheelbarrow
Connection lost

Rejoining the realm…

Still unreachable

The connection could not be restored.

Session expired

The server has moved on; the page needs a fresh start.